Match 42747747
Unlisted

Match 42747747
End
Engineer Squad
Selects Armored Battlegroup
Selects Assault Engineers
Assault Engineer Squad
Construct Weapon Support Center
Assault Engineer Squad
Assault Engineer Squad
Sniper
Sniper
Bazooka Squad
Construct Medical Station
Mechanized Support Center
Selects Fast Deploy
Bazooka Squad
Improved M9 Bazooka Rockets
Construct Motor Pool
Selects M8 Scott SPG
M24 Chaffee Light Tank
Designate Forward Repair Station
M24 Chaffee Light Tank
M24 Chaffee Light Tank
M16 Multiple Gun Motor Carriage
M16 Multiple Gun Motor Carriage
Assault Engineer Squad
Assault Engineer Squad
Sniper
Selects M4A3E8 Sherman Combat Group
M16 Multiple Gun Motor Carriage
M16 Multiple Gun Motor Carriage
Bazooka Squad
Scout Squad
GLA POSTAL SERVICE
Jojo_BarOiL
0
0

Comments sign in to comment!

No comments posted yet!